 Dungeon Crawl Stone Soup version 0.29.1-14-g9c671dbff4 (webtiles) character file.

Game seed: 15092964940583248505

1 Ovid the Sneak (level 1, 0/14 HPs)
             Began as a Draconian Enchanter on Feb 17, 2023.
             Slain by a jackal (2 damage)
             ... on level 1 of the Dungeon.
             The game lasted 00:00:38 (136 turns).

Ovid the Sneak (Draconian Enchanter)                 Turns: 136, Time: 00:00:39

Health: 0/14       AC:  4    Str:  8 (10) XL:     1   Next: 16%
Magic:  3/3        EV: 11    Int: 13 (15) God:
Gold:   0          SH:  0    Dex:  8 (11) Spells: 4/4 levels left

rFire   . . .      SeeInvis .   a - +1 dagger
rCold   . . .      Faith    .   (no shield)
rNeg    . . .      Spirit   .   (body armour unavailable)
rPois   .          Reflect  .   (helmet restricted)
rElec   .          Harm     .   (no cloak)
rCorr   .          Rampage  .   (no gloves)
Will    .....                   (no boots)
Stlth   ++........              (no amulet)
HPRegen 0.04/turn               (no ring)
MPRegen 0.08/turn               (no ring)

@: invisible
A: AC +4, unfitting armour, cold-blooded
a: no special abilities


You were on level 1 of the Dungeon.
You visited 1 branch of the dungeon, and saw 1 of its levels.

Inventory:

Hand Weapons
 a - a +1 dagger (weapon)
Scrolls
 d - a scroll of enchant weapon {unknown}
Potions
 b - a potion of invisibility


   Skills:
 * Level 1.0 Short Blades
 * Level 1.7 Dodging
 * Level 2.7 Stealth
 * Level 2.0 Spellcasting
 * Level 2.7 Hexes


You had 4 spell levels left.
You didn't know any spells.
Your spell library contained the following spells:

 Spells                   Type           Power      Damage    Failure   Level
 Ensorcelled Hibernation  Hex/Ice        8%         N/A       22%         2
 Confusing Touch          Hex            8%         N/A       26%         3
 Tukima's Dance           Hex            8%         N/A       26%         3
 Dazzling Flash           Conj/Hex       8%         N/A       41%         3


Dungeon Overview and Level Annotations

Branches:
Dungeon (1/15)

Altars:


Innate Abilities, Weirdness & Mutations

Your plain brown scales are hard. (AC +4)
You cannot fit into any form of body armour.
You are cold-blooded and may be slowed by cold attacks.


Message History

The jackal attacks as you move away!
The jackal bites you but does no damage. x2
The jackal bites you. x2
The jackal attacks as you move away! The jackal barely misses you.
The jackal closely misses you. The jackal bites you.
The jackal attacks as you move away! The jackal completely misses you.
The jackal attacks as you move away! The jackal barely misses you.
The frilled lizard bites you but does no damage.
The jackal misses you.
The frilled lizard attacks as you move away!
The frilled lizard closely misses you. The jackal closely misses you.
The jackal bites you but does no damage.
The frilled lizard barely misses you. The jackal bites you. x2
The frilled lizard attacks as you move away!
The frilled lizard bites you but does no damage.
The jackal barks!
The jackal attacks as you move away! The jackal bites you.
* * * LOW HITPOINT WARNING * * *
The jackal bites you.
* * * LOW HITPOINT WARNING * * *
The jackal bites you.
* * * LOW HITPOINT WARNING * * *
The frilled lizard attacks as you move away!
The frilled lizard bites you but does no damage.
The jackal attacks as you move away! The jackal closely misses you.
The frilled lizard attacks as you move away!
The frilled lizard bites you but does no damage.
The jackal bites you but does no damage.
It was a potion of degeneration.
There was something very wrong with that liquid.
You feel weakened.
You feel dopey.
You feel clumsy. The jackal barely misses you.
You fade into invisibility!
The jackal misses you.
The jackal bites you but does no damage.
The jackal barely misses you.
Found a ring mail.
The jackal bites you.
You die...

#................#
#.........)#.#.#.#
####h###.......#
#l##......###
#h##.####.# #.##.
.# #.##. .#
#h#######.#
#.@.....[.
##########


You could see 3 jackals and a frilled lizard (wandering, unable to see you).

Vanquished Creatures
  A kobold (D:1)
1 creature vanquished.

Notes
Turn   | Place    | Note
-------+----------+-------------------------------------------
     0 | D:1      | Ovid the Draconian Enchanter began the quest for the Orb.
     0 | D:1      | Reached XP level 1. HP: 14/14 MP: 3/3
   136 | D:1      | Slain by a jackal

Illustrated notes

Levels and vault maps discovered:
D:1:      dpeg_arrival_windows_large_door, layout_basic, nicolae_hexahallways

Action                   || total
-------------------------++-------
Melee: Dagger            ||     5
       Tailslap          ||     1
  Use: Potion            ||     2
Armor: Skin              ||    10
Dodge: Dodged            ||    16
